 Dungeon Crawl Stone Soup version 0.21.1-1-g345015f (webtiles) character file.

4673 mike2R the Basher (level 10, -4/60 HPs)
             Began as a Gargoyle Earth Elementalist on Mar 27, 2018.
             Was a Believer of Wu Jian.
             Slain by an orc warrior
             ... wielding a +0 battleaxe
              (8 damage)
             ... on level 10 of the Dungeon on Mar 28, 2018.
             The game lasted 01:34:23 (13771 turns).

mike2R the Basher (Gargoyle Earth Elementalist)    Turns: 13771, Time: 01:34:24

Health: -4/60      AC: 20    Str: 11    XL:     10   Next: 44%
Magic:  4/16       EV: 10    Int: 20    God:    Wu Jian [**....]
Gold:   318        SH:  0    Dex: 10    Spells: 1/17 levels left

rFire    + . .     SeeInvis .   G - +1 morningstar
rCold    . . .     Gourm    .   (no shield)
rNeg     + . .     Faith    .   g - +3 ring mail {rF+}
rPois    ∞         Spirit   .   f - +0 helmet
rElec    +         Reflect  .   E - +0 cloak {MR+}
rCorr    .         Harm     .   (no gloves)
MR       ++...                  a - +0 pair of boots
Stlth    +.........             (no amulet)
HPRegen  0.20/turn              B - ring of protection from magic
MPRegen  0.15/turn              (no ring)

@: no status effects
A: negative energy resistance 1, electricity resistance, unbreathing,
petrification resistance, rot immunity, AC +7
a: Wall Jump, Renounce Religion


You were on level 10 of the Dungeon.
You worshipped Wu Jian.
Wu Jian was pleased with you.
You were not hungry.

You visited 2 branches of the dungeon, and saw 11 of its levels.
You also visited: Sewer.

You collected 480 gold pieces.
You spent 162 gold pieces at shops.

Inventory:

Hand Weapons
 n - a +1 whip of freezing
 q - a +0 dagger of protection
 s - a +3 flail of crushing
 G - a +1 morningstar (weapon)
Missiles
 b - 168 stones
 p - 100 arrows
 r - 13 tomahawks
 y - 5 tomahawks of returning (quivered)
Armour
 a - a +0 pair of boots (worn)
 f - a +0 helmet (worn)
 g - a +3 ring mail of fire resistance (worn)
 E - a +0 cloak of magic resistance (worn)
Jewellery
 B - a ring of protection from magic (left hand)
Wands
 i - a wand of scattershot (9)
 m - a wand of iceblast (9)
 o - a wand of flame (35)
 I - a wand of disintegration (16)
Scrolls
 h - a scroll of fog
 z - a scroll of identify
 C - a scroll of blinking
 D - a scroll of magic mapping
 H - a scroll of silence
 J - a scroll of remove curse
 M - a scroll of amnesia
Potions
 j - 2 potions of berserk rage
 k - 8 potions of curing
 l - 2 potions of mutation {unknown}
 u - 2 potions of heal wounds
 v - 3 potions of agility
 w - 3 potions of flight
 x - 2 potions of might
 A - a potion of haste
 F - a potion of magic
 K - a potion of lignification
 L - a potion of ambrosia {unknown}
Books
 c - a book of Changes

   Spells                             Type                      Level
   a - Beastly Appendage              Transmutation                1
   b - Sticks to Snakes               Transmutation                2
   c - Spider Form                    Transmutation/Poison         3
   d - Ice Form                       Ice/Transmutation            4
   e - Blade Hands                    Transmutation                5
 e - a book of Geomancy

   Spells                             Type                      Level
   a - Sandblast                      Earth                        1
   b - Passwall                       Transmutation/Earth          2
   c - Stone Arrow                    Conjuration/Earth            3
   d - Petrify                        Transmutation/Earth          4
   e - Lee's Rapid Deconstruction     Earth                        5
 t - a book of Misfortune

   Spells                             Type                      Level
   a - Confusing Touch                Hexes                        1
   b - Confuse                        Hexes                        3
   c - Gell's Gravitas                Translocation                3
   d - Petrify                        Transmutation/Earth          4
   e - Metabolic Englaciation         Hexes/Ice                    5
   f - Yara's Violent Unravelling     Hexes/Transmutation          5
 N - a book of Minor Magic

   Spells                             Type                      Level
   a - Magic Dart                     Conjuration                  1
   b - Blink                          Translocation                2
   c - Call Imp                       Summoning                    2
   d - Slow                           Hexes                        2
   e - Conjure Flame                  Conjuration/Fire             3
   f - Mephitic Cloud                 Conjuration/Poison/Air       3
Comestibles
 d - 18 rations


   Skills:
 - Level 6.1 Fighting
 + Level 10.5 Maces & Flails
 - Level 5.5 Armour
 - Level 1.5 Dodging
 - Level 2.1 Stealth
 - Level 4.0 Spellcasting
 - Level 0.7 Transmutations
 - Level 8.2 Earth Magic


You had one spell level left.
You knew the following spells:

 Your Spells              Type           Power        Failure   Level  Hunger
a - Sandblast             Erth           #####.       1%          1    None
b - Stone Arrow           Conj/Erth      ###...       16%         3    ###....
c - Lee's Rapid Deconstr  Erth           #####.....   26%         5    ######.
d - Sticks to Snakes      Tmut           #.......     32%         2    #......
e - Blink                 Tloc           N/A          38%         2    #......
f - Conjure Flame         Conj/Fire      #.......     63%         3    ###....


Dungeon Overview and Level Annotations

Branches:
Dungeon (10/15)            Temple (1/1) D:4
   Lair: D:8-11         Orc: D:9-12

Altars:
Ashenzari
Cheibriados
Dithmenos
Elyvilon
Fedhas
Gozag
Hepliaklqana
Kikubaaqudgha
Makhleb
Nemelex Xobeh
Okawaru
Qazlal
Ru
Sif Muna
Trog
Uskayaw
Vehumet
Wu Jian
Xom
Yredelemnul
Zin
The Shining One

Shops:
D:4 ?   D:5 (


Innate Abilities, Weirdness & Mutations

You are resistant to torment.
Your stone body is resilient. (AC +7)
You are immune to poison.
You resist negative energy. (rN+)
You are resistant to electric shocks. (rElec)
You can survive without breathing.
You are immune to petrification.
You are immune to rotting.


Message History

The orc warrior hits you with a battleaxe!!
You feel much better.
The orc wizard mumbles some strange words.
The orc wizard blinks!
The orc priest calls down the wrath of Beogh upon you.
Beogh smites you!
The orc warrior hits you with a battleaxe!!
* * * LOW HITPOINT WARNING * * *
You feel much better.
The orc priest calls down the wrath of Beogh upon you.
Beogh smites you! The orc warrior misses you.
Evoke which item? (* to show all) (? for menu, Esc to quit)
You open the lid... ...and a larval oxshock beast leaps out!
The now-empty box falls apart.
The orc priest mumbles some strange prayers to Beogh against you.
Beogh smites you!
* * * LOW HITPOINT WARNING * * *
The orc warrior hits you with a battleaxe!
You die...

#.# #<# ##.#
#.# .).#
##.## .)#
#...# o.#
#<#.# #o#
#...# #"#
##.## #o# #.#
#@# #.# #H#
#.#
.#######.#
#.#
.........#
#.# #####...#
#.#
#.#.#######.#
#.#.........#
#.###########
#.


You could see an orc warrior, an orc priest, an orc wizard and a friendly larval
oxshock beast.

Vanquished Creatures
  Pikel (D:5)
  Joseph (D:9)
  Prince Ribbit (D:6)
  A hornet (D:9)
  A spriggan (D:7)
  Sigmund (D:6)
  A hungry ghost (D:8)
  The ghost of Pad the Ruffian, an amateur NaTm (D:3)
  A water moccasin (D:6)
  2 sky beasts
  5 ogres
  2 phantoms (D:4)
  3 slaves (D:5)
  A big kobold (Sewer)
  3 bullfrogs
  A wyvern skeleton (D:9)
  A jelly (D:8)
  4 scorpions
  4 howler monkeys
  A crimson imp (D:6)
  A centaur zombie (D:5)
  A bullfrog zombie (D:5)
  A bullfrog skeleton (D:4)
  4 orc priests
  Crazy Yiuf (D:7)
  5 hounds
  4 centaur skeletons
  3 iguanas
  5 orc wizards
  2 worker ants
  2 worker ant zombies
  10 gnolls
  14 adders
  7 river rats
  A shadow imp (D:6)
  An ooze (Sewer)
  5 worms
  2 adder zombies
  A dart slug (D:1)
  7 leopard geckos
  35 orcs
  7 giant cockroaches
  10 goblins
  15 hobgoblins
  10 jackals
  28 kobolds
  4 quokkas
  6 ball pythons (Sewer)
  7 bats
  A giant cockroach zombie (D:5)
  2 gnoll zombies (D:5)
  A jackal skeleton (D:4)
  18 rats
257 creatures vanquished.

Vanquished Creatures (collateral kills)
  2 river rats (Sewer)
  A kobold (Sewer)
  4 rats (Sewer)
7 creatures vanquished.

Vanquished Creatures (others)
  A slave (D:6)
1 creature vanquished.

Grand Total: 265 creatures vanquished

Notes
Turn   | Place    | Note
-------+----------+-------------------------------------------
     0 | D:1      | mike2R the Gargoyle Earth Elementalist began the quest for the Orb.
     0 | D:1      | Reached XP level 1. HP: 10/10 MP: 3/3
   237 | D:1      | Reached XP level 2. HP: 9/15 MP: 1/5
   754 | D:1      | Reached XP level 3. HP: 19/19 MP: 7/7
   759 | D:1      | Learned a level 3 spell: Stone Arrow
  1472 | D:2      | Found a hazy altar of Hepliaklqana.
  1619 | D:2      | Reached XP level 4. HP: 23/24 MP: 5/9
  2023 | D:3      | Reached XP level 5. HP: 28/28 MP: 5/11
  2030 | D:3      | Learned a level 5 spell: Lee's Rapid Deconstruction
  2065 | D:3      | Reached skill level 5 in Earth Magic
  2381 | D:3      | Found a glowing drain.
  2396 | Sewer    | Entered a sewer
  2664 | Sewer    | Learned a level 2 spell: Sticks to Snakes
  2894 | Sewer    | Reached XP level 6. HP: 4/32 MP: 2/12
  5185 | D:3      | Noticed Pad's ghost (amateur NaTm)
  5256 | D:3      | Reached XP level 7. HP: 36/36 MP: 10/13
  5464 | D:3      | Found a faded altar of an unknown god.
  6166 | D:4      | Reached skill level 1 in Armour
  6696 | D:3      | Killed Pad's ghost
  6696 | D:3      | Reached skill level 5 in Armour
  6696 | D:3      | Reached XP level 8. HP: 41/41 MP: 0/14
  6751 | D:4      | Reached skill level 1 in Maces & Flails
  6938 | D:4      | Reached skill level 2 in Maces & Flails
  6941 | D:4      | Reached skill level 3 in Maces & Flails
  7092 | D:4      | Found an ornate altar of the Wu Jian Council.
  7124 | D:4      | Became a worshipper of the Wu Jian Council
  7342 | D:4      | Found Usmap's Magic Scroll Shop.
  7350 | D:4      | Bought a scroll of identify for 24 gold pieces
  7350 | D:4      | Bought a scroll of fog for 24 gold pieces
  7350 | D:4      | Bought a scroll of identify for 24 gold pieces
  7350 | D:4      | Bought a scroll of enchant armour for 90 gold pieces
  7505 | D:4      | Reached skill level 4 in Maces & Flails
  7733 | D:4      | Found a staircase to the Ecumenical Temple.
  7739 | Temple   | Entered the Ecumenical Temple
  7970 | D:4      | Found a hide-covered altar of Uskayaw.
  7977 | D:4      | Found a burning altar of Makhleb.
  8047 | D:5      | Entered Level 5 of the Dungeon
  8105 | D:5      | Reached skill level 5 in Maces & Flails
  8108 | D:5      | Reached * piety under Wu Jian
  8278 | D:5      | Found Mekonirph's Weapon Shoppe.
  8866 | D:5      | Found a basalt altar of Yredelemnul.
  8974 | D:6      | Found a glowing silver altar of Zin.
  8978 | D:6      | Reached skill level 6 in Maces & Flails
  9058 | D:6      | Noticed Pikel
  9388 | D:6      | Reached skill level 1 in Fighting
  9388 | D:6      | Reached XP level 9. HP: 48/48 MP: 4/15
  9395 | D:5      | Killed Pikel
  9395 | D:5      | Reached skill level 5 in Fighting
  9775 | D:6      | Noticed Sigmund
  9779 | D:6      | Killed Sigmund
 10187 | D:6      | Noticed Prince Ribbit
 10202 | D:6      | Killed Prince Ribbit
 10360 | D:6      | Reached skill level 7 in Maces & Flails
 10429 | D:7      | Found a runed door.
 10860 | D:7      | Reached skill level 8 in Maces & Flails
 10993 | D:7      | Noticed Crazy Yiuf
 10994 | D:7      | Killed Crazy Yiuf
 11141 | D:8      | Reached ** piety under Wu Jian
 11175 | D:8      | Reached XP level 10. HP: 60/60 MP: 7/16
 11321 | D:8      | Reached skill level 9 in Maces & Flails
 11436 | D:8      | Found a blossoming altar of Fedhas.
 11737 | D:8      | Found a shimmering altar of Xom.
 12120 | D:9      | Found a glowing silver altar of Zin.
 12245 | D:9      | Noticed Joseph
 12516 | D:9      | Killed Joseph
 12516 | D:9      | Reached skill level 10 in Maces & Flails
 12984 | D:9      | Learned a level 2 spell: Blink
 12988 | D:9      | Learned a level 3 spell: Conjure Flame
 13727 | D:10     | Entered Level 10 of the Dungeon
 13768 | D:10     | HP: 2/60 [orc warrior/battleaxe (20)]
 13771 | D:10     | Slain by an orc warrior

Skill      XL: |  1  2  3  4  5  6  7  8  9 10 |
---------------+-------------------------------+-----
Earth Magic    | 4 6 8 |  8.2
Spellcasting   | 3 4 |  4.0
Armour         | 5 |  5.5
Maces & Flails | 6 8 10 | 10.5
Fighting       | 1 6 |  6.1
Dodging        | |  1.5
Stealth        | |  2.1
Transmutations | |  0.7

Action                   |  1- 3 |  4- 6 |  7- 9 | 10-12 || total
-------------------------+-------+-------+-------+-------++-------
Melee: Short sword       |    96 |   254 |       |       ||   350
       Dagger            |     2 |       |       |       ||     2
       Whip              |       |    32 |   400 |   132 ||   564
       Morningstar       |       |       |   141 |    48 ||   189
Throw: Tomahawk          |       |    33 |     1 |       ||    34
 Cast: Sandblast         |    20 |    48 |    41 |     4 ||   113
       Stone Arrow       |     2 |    23 |    17 |    10 ||    52
       Sticks to Snakes  |       |    12 |     2 |       ||    14
       Lee's Rapid Decon |       |     3 |    20 |    15 ||    38
Invok: Whirlwind         |       |       |    32 |       ||    32
       Lunge             |       |       |    23 |     5 ||    28
       Wall Jump         |       |       |       |     1 ||     1
Evoke: Box of beasts     |       |       |       |     1 ||     1
  Use: Scroll            |     2 |     3 |    17 |       ||    22
       Potion            |       |     3 |       |     3 ||     6
 Stab: Sleeping          |     3 |       |     1 |       ||     4
  Eat: Chunk             |     3 |    12 |    15 |    16 ||    46
       Ration            |       |     1 |     4 |     2 ||     7
Armor: Leather armour    |    49 |    96 |    36 |       ||   181
       Skin              |       |    20 |       |       ||    20
       Ring mail         |       |       |   247 |    71 ||   318
Dodge: Dodged            |    66 |   169 |   258 |    62 ||   555
